 Dungeon Crawl Stone Soup version 0.17.2-1-ge4368a0 (webtiles) character file.

16 ololoev the Skirmisher (level 2, 0/24 HPs)
             Began as a Demonspawn Fighter on Oct 25, 2016.
             Succumbed to an adder's poison
             ... on level 4 of the Dungeon.
             The game lasted 00:01:59 (404 turns).

ololoev the Skirmisher (Demonspawn Fighter)          Turns: 404, Time: 00:01:59

Health: 0/24       AC:  7    Str: 16    XL:     2   Next: 41%
Magic:  2/2        EV:  6    Int:  9    God:
Gold:   111        SH:  8    Dex: 14    Spells: 0 memorised, 1 level left

rFire  . . .     SeeInvis .     a - +0 war axe
rCold  . . .     Clarity  .     b - +0 scale mail
rNeg   . . .     SustAt   .     c - +0 shield
rPois  .         Gourm    .     (no helmet)
rElec  .         Spirit   .     (no cloak)
rCorr  .         Warding  .     (no gloves)
rMut   .         Stasis   .     g - +0 pair of boots
MR     .....                    (no amulet)
Stlth  +.........               (no ring)
                                (no ring)

@: lethally poisoned (0 -> -13), not resistant to hostile enchantments, very
unstealthy
A: thin skeletal structure 1
a: no special abilities


Innate Abilities, Weirdness & Mutations

You have a somewhat thin skeletal structure (Dex +2, Stealth).

Inventory:

Hand Weapons
 a - a +0 war axe (weapon)
Armour
 b - a +0 scale mail (worn)
 c - a +0 shield (worn)
 g - a +0 pair of boots (worn)
Scrolls
 f - a scroll of teleportation {unknown}
 h - a scroll of amnesia {unknown}
 i - a scroll of identify {unknown}
 m - a scroll of remove curse {unknown}
Potions
 d - a potion of might
 j - a potion of degeneration {unknown}
 k - a potion of poison {unknown}
 l - a potion of curing {unknown}
Comestibles
 e - 2 bread rations


   Skills:
 + Level 3.1 Fighting
 * Level 2.5 Axes
 + Level 2.8 Armour
 - Level 2.6 Shields


You had one spell level left.
You didn't know any spells.


You were on level 4 of the Dungeon.
You were not hungry.

You visited 1 branch of the dungeon, and saw 4 of its levels.

You collected 111 gold pieces.

....# #
....##
.### #....
...###...#
#.......#
#......#
#......#
#.<@S.#
##..###
####

Notes
Turn   | Place    | Note
--------------------------------------------------------------
     0 | D:1      | ololoev the Demonspawn Fighter began the quest for the Orb.
     0 | D:1      | Reached XP level 1. HP: 18/18 MP: 1/1
   317 | D:2      | Gained mutation: You have a somewhat thin skeletal structure (Dex +2, Stealth). [demonic ancestry]
   317 | D:2      | Reached XP level 2. HP: 20/24 MP: 2/2
   403 | D:4      | HP: 1/24 [adder (2)]
   404 | D:4      | Succumbed to an adder's poison

Dungeon Overview and Level Annotations

Branches:
Dungeon (4/15)
 Temple: D:4-7

Altars:


Message History

You closely miss the adder. You block the adder's attack.
You block the adder's attack.
Your shield prevents you from hitting the adder.
The adder barely misses you. The adder completely misses you.
Your shield and scale mail prevent you from hitting the adder.
The adder bites you.
You are poisoned.
The adder poisons you! The adder bites you.
You are more poisoned.
The adder poisons you!
You closely miss the adder.
You feel sick.
The adder bites you but does no damage. x2
You barely miss the adder.
You feel sick. The adder barely misses you.
The adder bites you but does no damage.
You barely miss the adder.
You feel sick. You block the adder's attack. The adder bites you.
You miss the adder.
You feel sick. You block the adder's attack. The adder completely misses you.
You barely miss the adder.
You feel sick. The adder bites you.
You are lethally poisoned!
The adder poisons you! The adder bites you but does no damage.
You slash the adder!
The adder is almost dead.
You feel sick. The adder barely misses you. The adder barely misses you.
You hit the adder but do no damage.
The adder is almost dead.
You feel sick. The adder bites you but does no damage.
You block the adder's attack.
You closely miss the adder.
The adder is almost dead.
You feel sick. The adder bites you but does no damage.
The adder bites you but does no damage.
Your shield and scale mail prevent you from hitting the adder.
The adder is almost dead.
You feel sick. The adder bites you but does no damage. The adder bites you.
You are more poisoned.
The adder poisons you!
You closely miss the adder.
The adder is almost dead.
You die...

You could see an adder.

Vanquished Creatures
  An ooze (D:2)
  A giant gecko (D:1)
  2 giant cockroaches (D:1)
  2 hobgoblins
  2 bats
  2 kobolds
  A rat (D:2)
11 creatures vanquished.

Action                   || total
-------------------------++-------
Melee: War axe           ||    70

Vault maps used:
D:1:      dpeg_arrival_signposts
D:2:      gammafunk_temple_overflow_forgotten, marbit_many_paths, first_bread,
          uniq_terence
D:3:      lemuel_round_altar, uniq_grinder
D:4:      minmay_temple_entry_junction
